 Dungeon Crawl Stone Soup version 0.28.0-45-g0d030f2227 (webtiles) character file.

Game seed: 11243590229593011799

4032 L33tCrusader the Cleaver (level 10, -1/78 (79) HPs)
             Began as a Demonspawn Berserker on Apr 7, 2022.
             Was an Elder of Trog.
             Slain by Erica
             ... wielding a +3 scimitar of flaming
              (3 damage)
             ... on level 8 of the Dungeon.
             The game lasted 00:41:27 (7887 turns).

L33tCrusader the Cleaver (Demonspawn Berserker)     Turns: 7887, Time: 00:41:29

HP:   -1/78 (79)    AC: 14    Str: 26    XL:     10   Next: 4%
MP:   10/10         EV: 12    Int: 12    God:    Trog [****..]
Gold: 363           SH:  0    Dex: 18    Spells: 9/9 levels left

rFire   . . .      SeeInvis +   a - +5 battleaxe
rCold   . . .      Faith    .   (shield currently unavailable)
rNeg    . . .      Spirit   .   h - +0 chain mail
rPois   .          Reflect  .   (helmet restricted)
rElec   .          Harm     .   (no cloak)
rCorr   .          Rampage  .   (no gloves)
Will    .....                   i - +1 pair of boots
Stlth   ..........              e - amulet of the acrobat
HPRegen 0.23/turn               n - +6 ring of dexterity
MPRegen 0.12/turn               j - ring of Gopnac {Str+4 Int+3 SInv}

@: lethally poisoned (-1 -> -5), slowed, lightly drained, very slow
A: horns 1, yellow scales 1, demonic magic 2
a: Renounce Religion, Berserk, Trog's Hand, Brothers in Arms


You were on level 8 of the Dungeon.
You worshipped Trog.
Trog was greatly pleased with you.
You visited 1 branch of the dungeon, and saw 7 of its levels.

You collected 363 gold pieces.

Inventory:

Hand Weapons
 a - a +5 battleaxe (weapon)
 b - the +7 hand axe of Koxzy {freeze, rElec rPois SInv}
   (You found it on level 4 of the Dungeon)

   It freezes those it strikes, dealing additional cold damage.
   It can also slow down cold-blooded creatures.
   rElec:     It insulates you from electricity.
   rPois:     It protects you from poison.
   SInv:      It lets you see invisible.
Armour
 h - a +0 chain mail (worn)
 i - a +1 pair of boots (worn)
 p - a +3 tower shield
Jewellery
 e - an amulet of the acrobat (around neck)
 j - the ring of Gopnac (right hand) {Str+4 Int+3 SInv}
   (You acquired it on level 6 of the Dungeon)

   [ring of see invisible]

   Str:       It affects your strength (+4).
   Int:       It affects your intelligence (+3).
   SInv:      It lets you see invisible.
 n - a +6 ring of dexterity (left hand)
Scrolls
 c - 3 scrolls of teleportation
 q - 2 scrolls of identify
Potions
 o - a potion of attraction (quivered)
Miscellaneous
 r - a piece from Xom's chessboard (15/15)


   Skills:
 + Level 7.1 Fighting
 * Level 8.9 Axes
 + Level 6.1 Armour
 + Level 6.1 Dodging


You had 9 spell levels left.
You didn't know any spells.
Your spell library was empty.

Dungeon Overview and Level Annotations

Branches:
Dungeon (8/15)             Temple (0/1) D:7
   Lair: D:8-11

Altars:
Ashenzari
Dithmenos
Hepliaklqana
Makhleb
Okawaru
Trog
Wu Jian
Xom
The Shining One

Annotations:
D:8 Erica


Innate Abilities, Weirdness & Mutations

You have a pair of small horns on your head.
You are partially covered in yellow scales. (AC +2)
Spells you cast may paralyse nearby enemies.


Message History

You destroy the wight!
Trog accepts your kill.
You slash Erica!
Erica points at you and mumbles some strange words.
You resist with significant effort.
You barely miss Erica.
Erica is lightly wounded.
Erica hits you with a +3 scimitar of flaming!
Erica burns you.
You closely miss Erica.
Erica is lightly wounded.
Erica misses you.
You slice Erica!!
Erica is heavily wounded.
Erica points at you and mumbles some strange words.
The bolt of poison hits you.
You are poisoned.
Erica gestures at you while chanting.
You feel yourself slow down.
You slash Erica!
Erica is severely wounded.
You feel extremely sick.
Erica hits you with a +3 scimitar of flaming.
Erica burns you.
Erica hits you with a +3 scimitar of flaming!
* * * LOW HITPOINT WARNING * * *
Erica burns you.
* * * LOW HITPOINT WARNING * * *
You barely miss Erica. You headbutt Erica.
Erica is severely wounded.
You feel very sick. Erica casts a spell at you.
You resist with significant effort.
You barely miss Erica. Your headbutt misses Erica.
Erica is severely wounded.
You feel very sick.
Erica hits you with a +3 scimitar of flaming!
* * * LOW HITPOINT WARNING * * *
Erica burns you.
You die...

#....#.##.##.#.#######
#.#####..####........# ###
##.###.....#...# .
#..#.#...##...#
###.####....#....()..# ##
#...#................#
..## #...#...#.......<..#
##...#
#..#..###..##.......##...#
#.##).#?#.###@.#.......# #
+.....'##..#@)###..#..##
.# #...#####)..#...##
##.....## #.# ..
#.......#####.###..###...
+†............# ##....##.
#.#....:..###.# ##..## .
#...#..#### #.# #.## #
...'##...# #. ##.#####
##.# #.##.# #.###.#.....


You could see Erica (invisible).

Vanquished Creatures
  A two-headed ogre (D:8)
  The ghost of H0rd4k the Magician, a novice DEWz (D:5)
  A wyvern (D:7)
  2 steam dragons (D:8)
  An acid dragon (D:6)
  2 sky beasts
  A water moccasin (D:5)
  2 ice beasts
  3 black bears
  An ogre (D:7)
  6 bullfrogs
  A wyvern zombie (D:6)
  A gnoll sergeant (D:7)
  2 scorpions
  A wyvern skeleton (D:7)
  5 killer bees (D:8)
  A water moccasin skeleton (D:6)
  6 wights
  3 quasits (D:5)
  A centaur zombie (D:6)
  A jelly (D:6)
  3 hounds (D:5)
  A bullfrog skeleton (D:5)
  4 iguanas
  An orc wizard (D:4)
  A killer bee zombie (D:8)
  2 howler monkey zombies
  A howler monkey skeleton (D:7)
  4 adders
  7 gnolls (D:7)
  2 white imps
  An adder skeleton (D:4)
  10 worms
  3 dart slugs
  3 orcs
  5 endoplasms
  3 giant cockroaches
  4 goblins
  5 hobgoblins
  4 jackals (D:5)
  6 kobolds
  3 quokkas (D:1)
  4 ball pythons
  5 bats
  3 frilled lizards (D:1)
  A quokka skeleton (D:4)
  7 rats
  A butterfly (D:6)
137 creatures vanquished.

Vanquished Creatures (collateral kills)
  A wight (D:7)
1 creature vanquished.

Grand Total: 138 creatures vanquished

Notes
Turn   | Place    | Note
-------+----------+-------------------------------------------
     0 | D:1      | L33tCrusader the Demonspawn Berserker began the quest for
                  | the Orb.
     0 | D:1      | Reached XP level 1. HP: 18/18 MP: 1/1
   250 | D:1      | Gained mutation: Spells you cast may paralyse adjacent
                  | enemies. [demonic ancestry]
   250 | D:1      | Reached XP level 2. HP: 16/24 MP: 2/2
   400 | D:1      | Reached skill level 3 in Axes
  1104 | D:1      | Reached XP level 3. HP: 29/29 MP: 3/3
  1381 | D:1      | Reached ** piety under Trog
  2022 | D:2      | Gained mutation: Spells you cast may paralyse nearby
                  | enemies. [demonic ancestry]
  2022 | D:2      | Reached XP level 4. HP: 29/35 MP: 4/4
  2292 | D:2      | You fall into a shaft and drop 2 floors!
  2442 | D:4      | Found a shadowy altar of Dithmenos.
  2446 | D:4      | Found a burning altar of Makhleb.
  2448 | D:4      | Found an iron altar of Okawaru.
  2547 | D:4      | Identified the +7 hand axe of Koxzy {freeze, rElec rPois
                  | SInv}
  2701 | D:4      | Found a broken altar of Ashenzari.
  2778 | D:4      | Noticed a scorpion
  2784 | D:4      | Killed a scorpion
  2785 | D:4      | Reached skill level 4 in Axes
  2785 | D:4      | Reached XP level 5. HP: 38/42 MP: 5/5
  2855 | D:4      | Found a bloodstained altar of Trog.
  2975 | D:5      | Entered Level 5 of the Dungeon
  3229 | D:5      | Reached XP level 6. HP: 48/48 MP: 6/6
  3370 | D:5      | Found a transporter.
  3386 | D:5      | Noticed a water moccasin
  3388 | D:5      | Found a hazy altar of Hepliaklqana.
  3403 | D:5      | Reached *** piety under Trog
  3461 | D:5      | Killed a water moccasin
  3501 | D:5      | Found an ornate altar of the Wu Jian Council.
  3516 | D:5      | Reached skill level 5 in Axes
  3536 | D:5      | Reached XP level 7. HP: 43/55 MP: 7/7
  3907 | D:5      | Noticed H0rd4k's ghost (novice DEWz)
  3914 | D:5      | Found a transporter.
  3936 | D:5      | Killed H0rd4k's ghost
  3937 | D:5      | Reached skill level 5 in Fighting
  4380 | D:6      | Reached skill level 6 in Axes
  4380 | D:6      | Gained mutation: You have a pair of small horns on your
                  | head. [demonic ancestry]
  4380 | D:6      | Reached XP level 8. HP: 52/62 MP: 8/8
  4385 | D:6      | Identified a scroll of acquirement
  4385 | D:6      | Acquired the ring of Gopnac {Str+4 Int+3 SInv}
  5329 | D:6      | Found a shimmering altar of Xom.
  5635 | D:7      | Found a staircase to the Ecumenical Temple.
  5663 | D:7      | Reached skill level 7 in Axes
  5894 | D:7      | Reached skill level 5 in Armour
  5894 | D:7      | Reached skill level 5 in Dodging
  6134 | D:7      | Gained mutation: You are partially covered in yellow
                  | scales. (AC +2) [demonic ancestry]
  6134 | D:7      | Reached XP level 9. HP: 69/69 MP: 9/9
  6152 | D:7      | Reached **** piety under Trog
  7355 | D:8      | Reached skill level 8 in Axes
  7359 | D:8      | HP: 5/106 [poisoned by a killer bee]
  7685 | D:8      | Noticed a two-headed ogre
  7692 | D:8      | Killed a two-headed ogre
  7864 | D:8      | Reached XP level 10. HP: 57/79 MP: 10/10
  7865 | D:8      | Noticed Erica
  7887 | D:8      | HP: 2/78 [Erica/+3 scimitar of flaming (8)]
  7887 | D:8      | Slain by Erica

Illustrated notes

Levels and vault maps discovered:
D:1:      dpeg_arrival_rooms_a, layout_rooms
D:2:      layout_basic, grunt_ministairs_13, minmay_unequal
D:4:      layout_basic, ashenzari_conservatory_becter,
          nicolae_overflow_hidden_temple
D:5:      layout_loops_corners, mainiacjoe_overflow_concentric_impassable,
          lemuel_doored_altar, gammafunk_ghost_stat_death, nicolae_wormholes
D:6:      layout_loops_ring, xom_butterflies, minmay_microvault
D:7:      layout_cave_pods, minmay_temple_entry_slanted
D:8:      layout_layer_cave, lemuel_coloured_pillars_altar, erik_lair_dragon,
          minmay_fractal_squares_diagonal_5, uniq_harold, uniq_psyche,
          uniq_erica

Skill      XL: |  1  2  3  4  5  6  7  8  9 |
---------------+----------------------------+-----
Axes           | 3 4 5 6 7 8 |  8.9
Armour         | 2 3 4 5 6 |  6.1
Dodging        | 2 3 4 5 6 |  6.1
Fighting       | 4 5 6 7 |  7.1

Action                   |  1- 3 |  4- 6 |  7- 9 | 10-12 || total
-------------------------+-------+-------+-------+-------++-------
Melee: Hand axe          |   135 |    78 |   146 |       ||   359
       Punch             |     1 |     1 |       |       ||     2
       Headbutt          |       |       |    33 |     3 ||    36
       Battleaxe         |       |       |    40 |    12 ||    52
Invok: Berserk           |       |       |     4 |       ||     4
       Brothers in Arms  |       |       |     1 |       ||     1
Evoke: Piece from Xom's  |       |       |     1 |       ||     1
  Use: Scroll            |     2 |     1 |    13 |       ||    16
       Potion            |       |       |     5 |       ||     5
 Stab: Sleeping          |       |     1 |       |       ||     1
Armor: Animal skin       |    24 |     1 |       |       ||    25
       Chain mail        |       |    32 |   106 |     3 ||   141
       Skin              |       |       |    33 |       ||    33
Dodge: Dodged            |    83 |    39 |   120 |     7 ||   249
Block: Tower shield      |       |       |    80 |       ||    80
